 Dungeon Crawl Stone Soup version 0.24-a0-408-gcc1054c (webtiles) character file.

Game seed: 84846699641740267

25137 Darkshadow the Bludgeoner (level 12, -7/114 (115) HPs)
             Began as a Minotaur Berserker on June 5, 2019.
             Was a High Priest of Trog.
             Mangled by a spiny frog (15 damage)
             ... on level 1 of the Lair of Beasts.
             The game lasted 00:35:49 (15564 turns).

Darkshadow the Bludgeoner (Minotaur Berserker)     Turns: 15564, Time: 00:35:49

HP:   -7/114 (115)  AC: 23    Str: 20    XL:     12   Next: 86%
MP:   11/11         EV: 10    Int:  4    God:    Trog [*****.]
Gold: 906           SH:  5    Dex: 12    Spells: 11/11 levels left

rFire    . . .     SeeInvis +   o - +1 morningstar
rCold    + . .     Gourm    .   h - +0 buckler {reflect}
rNeg     + . .     Faith    .   y - +0 plate armour
rPois    .         Spirit   .   (helmet restricted)
rElec    .         Reflect  +   a - +2 cloak of the Solstice {+Blink Str-5 SInv}
rCorr    .         Harm     .   M - +0 pair of gloves (curse)
MR       .....                  i - +1 pair of boots
Stlth    ..........             m - amulet of the acrobat
HPRegen  0.29/turn              I - ring of positive energy
MPRegen  0.12/turn              q - ring of protection from cold

@: lethally poisoned (-7 -> -68)
A: retaliatory headbutt, horns 2
a: Berserk, Trog's Hand, Brothers in Arms, Renounce Religion, Evoke Blink


You were on level 1 of the Lair of Beasts.
You worshipped Trog.
Trog was extremely pleased with you.
You were not hungry.

You visited 2 branches of the dungeon, and saw 15 of its levels.
You also visited: Ossuary.

You collected 906 gold pieces.

Inventory:

Hand Weapons
 o - a +1 morningstar (weapon)
Missiles
 V - 6 silver javelins (quivered)
Armour
 a - the +2 cloak of the Solstice (worn) {+Blink Str-5 SInv}
   (You found it on level 11 of the Dungeon)

   It affects your strength (-5).
   It lets you see invisible.
   It lets you blink.
 h - a +0 buckler of reflection (worn)
 i - a +1 pair of boots (worn)
 s - a +0 chain mail
 y - a +0 plate armour (worn)
 M - a cursed +0 pair of gloves (worn)
Jewellery
 b - a +3 amulet of reflection {unknown}
 m - an amulet of the acrobat (around neck)
 q - a ring of protection from cold (right hand)
 I - a ring of positive energy (left hand)
 L - an uncursed ring of fire
 T - an uncursed ring of protection from cold
Wands
 x - a wand of iceblast (9)
 A - a wand of flame (13)
 B - a wand of polymorph (16)
 K - a wand of paralysis (21)
 O - a wand of clouds (1)
 R - a wand of disintegration (7)
 S - a wand of digging (5)
Scrolls
 f - a scroll of summoning {unknown}
 j - 6 scrolls of fear
 p - 2 scrolls of amnesia {unknown}
 v - 2 scrolls of fog
 D - 2 scrolls of blinking
 E - a scroll of enchant armour {unknown}
 F - a scroll of random uselessness {unknown}
 G - 8 scrolls of remove curse {@r2}
 H - 3 scrolls of magic mapping
 J - 3 scrolls of teleportation
 P - 4 scrolls of enchant weapon
 U - a scroll of brand weapon {unknown}
 W - a scroll of identify {@r1}
 X - a scroll of acquirement {unknown}
Potions
 d - 2 potions of degeneration
 e - a potion of berserk rage {unknown}
 g - 2 potions of mutation
 k - 2 potions of resistance
 l - 9 potions of curing {@q1}
 n - 3 potions of heal wounds
 r - 2 potions of haste
 t - 3 potions of ambrosia
 u - 3 potions of flight
 w - 4 potions of agility
 z - 2 potions of brilliance
 C - 4 potions of might {unknown}
 N - a potion of lignification {unknown}
 Q - 2 potions of cancellation
Comestibles
 c - 20 rations


   Skills:
 + Level 13.0 Fighting
 * Level 15.6 Maces & Flails
 + Level 12.8 Armour
 - Level 8.2 Dodging
 * Level 4.6 Shields


You had 11 spell levels left.
You didn't know any spells.
Your spell library was empty.

Dungeon Overview and Level Annotations

Branches:
Dungeon (13/15)            Temple (0/1) D:6            Lair (2/6) D:8
 Spider (0/4) Lair:2          Orc (0/2) D:12
  Swamp: Lair:2-4    Shoals: Lair:2-4    Vaults: D:13-14

Altars:
Ashenzari
Cheibriados
Dithmenos
Elyvilon
Gozag
Kikubaaqudgha
Okawaru
Qazlal
Ru
Uskayaw
Wu Jian
Zin
The Shining One

Annotations:
D:4 3 runed translucent doors, Mango's ghost, amateur FoFi
D:10 2 runed translucent doors, jonnos's ghost, journeyman DrCj
D:13 Kirke
Lair:1 3 runed translucent doors, Huthabla's ghost, journeyman FoFi
Lair:2 Harold


Innate Abilities, Weirdness & Mutations

You reflexively headbutt those who attack you in melee.
You have a pair of horns on your head.


Message History

The spiny frog stings you!
* * * LOW HITPOINT WARNING * * *
You are more poisoned.
The spiny frog poisons you!
You hit the spiny frog but do no damage.
Your headbutt misses the spiny frog.
The spiny frog is severely wounded.
* * * LOW HITPOINT WARNING * * *
You feel very sick. The spiny frog stings you!
* * * LOW HITPOINT WARNING * * *
You are more poisoned.
The spiny frog poisons you!
You hit the spiny frog but do no damage.
You headbutt the spiny frog, but do no damage.
The spiny frog is severely wounded.
* * * LOW HITPOINT WARNING * * *
You feel very sick. The spiny frog stings you!
You die...

##..⌠.....⌠..>..⌠.....⌠### #
#.....................'.##### #
#.#......##...#.......#...... #
#.......#####.#.#...#........
#...#....###..##....#........ ##
#....##...#.##....#.......... .#
##.....##....⌠....##..........
.###......##....F...####.########
..###.....#####.@..### ###
..............#.#.#..#
....................|#
.....................#
...............#.....#
............).P#.....##
.#...........###......#
##P##.....#P###......##
###......### ##......#


You could see a spiny frog.

Vanquished Creatures
  Snorg (D:10)
  A two-headed ogre (D:8)
  A deep troll (shapeshifter) (D:11)
  4 unseen horrors
  Pikel (D:9)
  2 cyclopes
  A black mamba (Lair:2)
  Psyche (D:12)
  2 spiny frogs (Lair:1)
  A rime drake (Lair:2)
  2 kobold demonologists (D:12)
  A komodo dragon (Lair:2)
  2 trolls
  A hornet (D:9)
  2 hippogriffs
  9 slime creatures
  2 wraiths (Ossuary)
  A spriggan (D:7)
  A wyvern (Lair:2)
  2 humans (D:8)
  Eustachio (D:4)
  26 yaks
  3 hungry ghosts
  2 hogs (D:12)
  A steam dragon (D:11)
  3 water moccasins
  5 porcupines
  Duvessa (D:7)
  5 orc warriors
  2 ice beasts
  5 sky beasts
  A slave (D:8)
  A necrophage (D:12)
  An ogre (D:11)
  A phantom (D:10)
  7 centaurs
  2 crocodiles
  A big kobold (D:12)
  11 bullfrogs
  A wyvern zombie (D:11)
  Dowan (D:7)
  4 scorpions
  18 killer bees
  13 wights
  An electric eel (Lair:1)
  A howler monkey (D:4)
  A bullfrog zombie (D:9)
  2 crimson imps
  2 hounds
  A bullfrog skeleton (D:9)
  2 centaur zombies
  4 orc priests
  2 jellies
  4 centaur skeletons
  2 iguanas
  6 orc wizards
  14 worker ants
  4 ogre zombies (D:12)
  A worker ant zombie (D:9)
  2 howler monkey skeletons
  6 gnolls
  16 adders
  4 shadow imps
  A worm zombie (D:5)
  An adder skeleton (D:2)
  An adder zombie (Ossuary)
  6 worms
  5 dart slugs
  3 leopard geckos
  26 orcs
  2 ball pythons (D:3)
  7 giant cockroaches
  12 hobgoblins
  4 jackals (D:2)
  8 kobolds
  4 quokkas
  2 ball python skeletons (Ossuary)
  7 bats
  4 frilled lizards
  9 goblins
  A goblin zombie (D:12)
  A jackal skeleton (D:5)
  A jackal zombie (D:5)
  2 kobold zombies (Ossuary)
  7 orc zombies
  11 rats
354 creatures vanquished.

Vanquished Creatures (collateral kills)
  Erolcha (D:11)
  Sonja (D:12)
  A deep elf mage (D:12)
  A kobold demonologist (D:12)
  A shadow (D:12)
  8 yaks
  2 hungry ghosts (D:12)
  An acid dragon (D:12)
  A two-headed ogre zombie (D:12)
  An orc warrior (D:12)
  An ogre (D:12)
  An orc wizard (D:12)
  3 ogre zombies (D:12)
  2 orcs (D:12)
  2 goblin skeletons (D:12)
  2 goblin zombies (D:12)
  A hobgoblin skeleton (D:12)
  4 hobgoblin zombies (D:12)
  A kobold (D:12)
  An orc skeleton (D:12)
  9 orc zombies (D:12)
45 creatures vanquished.

Vanquished Creatures (others)
  An orc wizard (D:12)
1 creature vanquished.

Grand Total: 400 creatures vanquished

Notes
Turn   | Place    | Note
-------+----------+-------------------------------------------
     0 | D:1      | Darkshadow the Minotaur Berserker began the quest for the
                  | Orb.
     0 | D:1      | Reached XP level 1. HP: 19/19 MP: 0/0
   121 | D:1      | Reached XP level 2. HP: 16/27 MP: 1/1
   347 | D:1      | Reached skill level 4 in Maces & Flails
   924 | D:2      | Reached XP level 3. HP: 31/33 MP: 2/2
   960 | D:2      | Reached ** piety under Trog
  1073 | D:2      | Found a stormy altar of Qazlal.
  1289 | D:2      | Reached XP level 4. HP: 36/41 MP: 3/3
  2223 | D:3      | Reached XP level 5. HP: 47/47 MP: 4/4
  2324 | D:3      | Reached *** piety under Trog
  2833 | D:3      | Reached skill level 5 in Fighting
  2879 | D:4      | Found an opulent altar of Gozag.
  2939 | D:4      | Reached skill level 5 in Maces & Flails
  2971 | D:4      | Noticed Eustachio
  2987 | D:4      | Killed Eustachio
  2987 | D:4      | Reached XP level 6. HP: 56/56 MP: 5/5
  3044 | D:4      | Found a hide-covered altar of Uskayaw.
  3069 | D:4      | Found a white marble altar of Elyvilon.
  3157 | D:4      | Noticed Mango's ghost (amateur FoFi)
  3162 | D:4      | Found a runed translucent gate.
  3162 | D:4      | Found an opulent altar of Gozag.
  3172 | D:4      | Found a runed translucent gate.
  3172 | D:4      | Found a runed translucent gate.
  3301 | D:4      | Found a sacrificial altar of Ru.
  3494 | D:4      | Reached skill level 5 in Armour
  3631 | D:5      | Entered Level 5 of the Dungeon
  3663 | D:5      | Reached XP level 7. HP: 62/62 MP: 6/6
  3794 | D:5      | Found a sand-covered staircase.
  3812 | Ossuary  | Entered an ossuary
  3861 | Ossuary  | Reached skill level 6 in Maces & Flails
  3871 | Ossuary  | Reached **** piety under Trog
  3888 | Ossuary  | Reached skill level 5 in Dodging
  3909 | Ossuary  | Noticed a flying skull
  3909 | Ossuary  | Noticed a wraith
  3916 | Ossuary  | Noticed a flying skull
  3920 | Ossuary  | Noticed a flying skull
  3940 | Ossuary  | Noticed a flying skull
  3950 | Ossuary  | Noticed a wraith
  3958 | Ossuary  | Killed a wraith
  4088 | Ossuary  | Noticed a wraith
  4095 | Ossuary  | Killed a wraith
  4095 | Ossuary  | Reached XP level 8. HP: 65/71 MP: 7/7
  4180 | D:5      | Reached skill level 7 in Maces & Flails
  4438 | D:6      | Found a snail-covered altar of Cheibriados.
  4493 | D:6      | Found an ancient bone altar of Kikubaaqudgha.
  4805 | D:6      | Found a shattered altar of Ashenzari.
  4839 | D:6      | Found a staircase to the Ecumenical Temple.
  5386 | D:7      | Noticed Dowan
  5387 | D:7      | Noticed Duvessa
  5397 | D:7      | Killed Duvessa
  5400 | D:7      | Killed Dowan
  5502 | D:7      | Reached XP level 9. HP: 68/81 MP: 8/8
  5574 | D:7      | Reached skill level 8 in Maces & Flails
  5761 | D:7      | Found an ancient bone altar of Kikubaaqudgha.
  6045 | D:8      | Noticed a two-headed ogre
  6055 | D:8      | Killed a two-headed ogre
  6055 | D:8      | Reached skill level 9 in Maces & Flails
  6057 | D:8      | Reached ***** piety under Trog
  6383 | D:8      | Found a staircase to the Lair.
  6425 | D:8      | Found an iron altar of Okawaru.
  6621 | D:8      | Reached XP level 10. HP: 83/91 MP: 9/9
  7106 | D:8      | Reached skill level 10 in Maces & Flails
  7498 | D:9      | Found an ornate altar of the Wu Jian Council.
  7503 | D:9      | Found a glowing golden altar of the Shining One.
  7555 | D:9      | Found a shadowy altar of Dithmenos.
  7602 | D:9      | Reached skill level 10 in Fighting
  7752 | D:9      | Noticed a cyclops
  7779 | D:9      | Killed a cyclops
  7817 | D:9      | Reached skill level 11 in Maces & Flails
  7901 | D:9      | Reached skill level 10 in Armour
  7905 | D:9      | Found a glowing silver altar of Zin.
  7986 | D:9      | Noticed Pikel
  7990 | D:9      | HP: 4/94 [orc warrior/+4 battleaxe of electrocution (19)]
  7996 | D:9      | HP: 1/141 [Pikel/+1 whip of electrocution (13)]
  7997 | D:9      | Killed Pikel
  8825 | D:10     | Entered Level 10 of the Dungeon
  8896 | D:10     | Reached XP level 11. HP: 52/101 MP: 10/10
  9041 | D:10     | Reached skill level 12 in Maces & Flails
  9086 | D:10     | Noticed a lich
  9086 | D:10     | Noticed jonnos's ghost (journeyman DrCj)
  9087 | D:10     | Noticed a skeletal warrior
  9087 | D:10     | Noticed a flayed ghost
  9493 | D:10     | Killed an unseen horror
  9729 | D:10     | Noticed Snorg
  9737 | D:10     | Killed Snorg
  9756 | D:10     | Found a runed translucent door.
  9756 | D:10     | Noticed a deep troll earth mage
  9758 | D:10     | Noticed a brown ugly thing
  9758 | D:10     | Noticed a skeletal warrior
  9760 | D:10     | Noticed a skeletal warrior
  9760 | D:10     | Noticed a necromancer
  9763 | D:10     | Found a runed translucent door.
 10235 | D:11     | Noticed Erolcha
 10313 | D:11     | Got a shimmering cloak
 10319 | D:11     | Identified the +2 cloak of the Solstice {+Blink Str-5 SInv}
                  | (You found it on level 11 of the Dungeon)
 10495 | D:10     | Noticed an unseen horror
 10549 | D:10     | Killed an unseen horror
 10678 | D:10     | Reached skill level 13 in Maces & Flails
 10835 | D:11     | Killed Erolcha
 11820 | D:12     | Noticed a swamp dragon
 11820 | D:12     | a guardian serpent changed into a swamp dragon
 12065 | D:12     | Noticed an unseen horror
 12065 | D:12     | Noticed Psyche
 12175 | D:12     | Killed Psyche
 12259 | D:12     | Paralysed by fainting for 8 turns
 12270 | D:12     | Paralysed by fainting for 11 turns
 12272 | D:12     | Noticed a deep elf mage
 12305 | D:12     | Killed a deep elf mage
 12313 | D:12     | Noticed Sonja
 12320 | D:12     | Killed Sonja
 12320 | D:12     | Reached skill level 14 in Maces & Flails
 12324 | D:12     | Found a staircase to the Orcish Mines.
 12413 | D:12     | Noticed a deep troll
 12432 | D:11     | Reached XP level 12. HP: 64/111 MP: 11/11
 13347 | D:12     | Received a gift from Trog
 13807 | D:13     | Reached skill level 15 in Maces & Flails
 13868 | D:13     | Noticed Kirke
 13899 | D:12     | Reached skill level 1 in Shields
 14014 | Lair:1   | Entered Level 1 of the Lair of Beasts
 14606 | Lair:1   | Found a runed translucent gate.
 14606 | Lair:1   | Found a runed translucent gate.
 14606 | Lair:1   | Found a runed translucent gate.
 14607 | Lair:1   | Noticed Huthabla's ghost (journeyman FoFi)
 15400 | Lair:2   | Found a hole to the Spider Nest.
 15520 | Lair:2   | Noticed Harold
 15559 | Lair:1   | Received a gift from Trog
 15564 | Lair:1   | Mangled by a spiny frog

Levels and vault maps discovered:
D:1:      psy_arrival_radial02, layout_loops_ring
D:2:      minmay_general_purpose_star, layout_loops_cross, grunt_qazlal_clouds
D:3:      layout_basic, saegor_snake_ambush
D:4:      layout_loops_ring, grunt_gozag_breadcrumbs,
          nicolae_ru_great_annihilating_truth, overflow_temple_1_default,
          elyvilon_altar_1, ebering_ghost_gozag, first_ration,
          eino_tiny_chamber, uniq_eustachio
D:5:      layout_rooms, enter_ossuary_3
D:6:      layout_loops_corners, slow_altar_1, lemuel_doored_altar,
          kennysheep_mini_moat, temple_doors_e
D:7:      layout_rooms, basic_altar, the_bakery, minivault_4, uniq_duvessa
D:8:      layout_loops_ring, okawaru_humans, lair_entry_dummy,
          grunt_ministairs_2, minivault_19
D:9:      layout_cave_pools, marbit_many_paths,
          chequers_temple_overflow_statue_of_worship,
          nicolae_dithmenos_the_darkroom, st_stairs_6, uniq_pikel
D:10:     layout_long_grid, muffindrake_ghost_dual_entry, uniq_snorg
D:11:     layout_layer_cave, uniq_erolcha
D:12:     layout_roguey, zombieorc2_lemuel, uniq_sonja, uniq_psyche
D:13:     layout_grid_maze, uniq_kirke, uniq_nessos
Lair:1:   layout_hall_layers, gammafunk_ghost_split, infiniplex_staircase_pool,
          grunt_megastairs_5
Lair:2:   layout_hall_layers, minmay_shoals_entry_hut,
          spider_nest_entry_web_field, serial_bayou_lagoon_a,
          grunt_megastairs_3, uniq_harold

Skill      XL: |  1  2  3  4  5  6  7  8  9 10 11 12 |
---------------+-------------------------------------+-----
Fighting       | 4 5 6 7 9 10 12 13 | 13.0
Maces & Flails | 4 5 6 7 9 11 14 15 | 15.6
Armour         | 3 4 5 6 7 9 10 11 12 | 12.8
Dodging        | 3 4 5 6 8 |  8.2
Shields        | 4 |  4.6

Action                   |  1- 3 |  4- 6 |  7- 9 | 10-12 || total
-------------------------+-------+-------+-------+-------++-------
Melee: Mace              |    77 |     5 |       |       ||    82
       Headbutt          |    11 |    25 |    51 |   142 ||   229
       Morningstar       |       |   119 |   231 |   647 ||   997
Throw: Stone             |       |     4 |       |     3 ||     7
Invok: Berserk           |     4 |     1 |     1 |    12 ||    18
       Trog's Hand       |       |       |     4 |     9 ||    13
       Brothers in Arms  |       |       |       |     7 ||     7
  Use: Scroll            |     2 |     6 |     3 |     8 ||    19
 Stab: Paralysed         |       |     1 |       |       ||     1
  Eat: Chunk             |     4 |     9 |     6 |    27 ||    46
       Ration            |       |       |     2 |     7 ||     9
Armor: Animal skin       |    14 |     2 |       |       ||    16
       Chain mail        |       |    60 |    90 |   201 ||   351
       Plate armour      |       |       |       |   169 ||   169
Dodge: Dodged            |    47 |    71 |   143 |   532 ||   793
Block: Buckler           |       |       |       |    29 ||    29

Table legend:
 A = Non-vault XP
 B = Vault XP
 C = Vault XP percentage of total XP
 D = Non-vault monster count
 E = Vault monster count
 F = Vault count percentage of total count
                 A         B        C        D         E       F
            +---------+---------+-------+---------+---------+-------
      Total |   28808 |    7103 |  19.8 |     314 |      85 |  21.3
            +---------+---------+-------+---------+---------+-------
        D:1 |      33 |       0 |   0.0 |      22 |       0 |   0.0
        D:2 |     141 |      13 |   8.4 |      33 |       4 |  10.8
        D:3 |      96 |       4 |   4.0 |      20 |       2 |   9.1
        D:4 |     231 |     201 |  46.5 |      13 |       4 |  23.5
        D:5 |     555 |       8 |   1.4 |      12 |       2 |  14.3
        D:6 |     370 |       5 |   1.3 |       9 |       1 |  10.0
        D:7 |     973 |     434 |  30.8 |      16 |       3 |  15.8
        D:8 |    2600 |     416 |  13.8 |      26 |       3 |  10.3
        D:9 |    2555 |     806 |  24.0 |      38 |       3 |   7.3
       D:10 |    4856 |     641 |  11.7 |      36 |       1 |   2.7
       D:11 |    4354 |     662 |  13.2 |      21 |       1 |   4.5
       D:12 |    6834 |    1842 |  21.2 |      45 |      40 |  47.1
       D:13 |     848 |       0 |   0.0 |       2 |       0 |   0.0
     Lair:1 |    1628 |    1202 |  42.5 |       9 |       6 |  40.0
     Lair:2 |    2734 |     157 |   5.4 |      12 |       1 |   7.7
    Ossuary |       0 |     712 | 100.0 |       0 |      14 | 100.0
            +---------+---------+-------+---------+---------+-------
